Cogmind - Beta 16.1 @@@ ROGUE MODE // 2026.02.16 @ 14:23:57 Player: Megaknight51 Result: Destroyed by G-34 Mercenary with Small Laser Performance ------------- Evolutions (0) 0 Regions Visited (1) 200 Robots Destroyed (27) 135 Value Destroyed (458) 458 Prototype IDs (0) 0 Alien Tech Used (0) 0 Bonus (0) 0 TOTAL SCORE: 793 Bonus ------- None Cogmind --------- Core Integrity 0/250 Matter 287/300 Energy 100/100 System Corruption 0% Temperature Cool (6) Movement Rolling (140) Ox4 Location -10/Materials Parts ------- > --- POWER (1) -------- (None) > --- PROPULSION (2) --- Wheel > --- UTILITY (2) ------ High-capacity Storage Unit Hacking Suite > --- WEAPON (2) ------- Light Assault Rifle Light Assault Rifle > --- INVENTORY (20) --- Ion Engine Light Ion Engine Heat Sink Signal Interpreter Signal Interpreter Improved Terrain Scanner Seismic Detector Hammer Peak State ------------ > --- POWER ------------ Light Ion Engine > --- PROPULSION ------- Wheel Compact Wheel > --- UTILITY ---------- Medium Storage Unit Hacking Suite > --- WEAPON ----------- Medium Laser Light Assault Rifle > --- INVENTORY -------- Light Ion Engine Light Ion Engine Wheel Wheel Improved Terrain Scanner Seismic Detector Light Assault Rifle Light Assault Rifle Mining Laser [Rating: 10] Favorites ----------- Power Light Ion Engine Engine Light Ion Engine Propulsion Wheel Wheel Wheel Utility Medium Storage Unit Device Seismic Detector Storage Medium Storage Unit Hackware Hacking Suite Weapon Light Assault Rifle Energy Gun Medium Laser Ballistic Gun Light Assault Rifle Impact Weapon Hammer Build | -11 -10 ------- Run | Yrd Mat Slots Evolved . | . . Power . | . . Propulsion . | . . Utility . | . . Weapon . | . . Parts Attached 22 | 7 15 Power 4 | 1 3 Engine 4 | 1 3 Core . | . . Reactor . | . . Propulsion 7 | 2 5 Treads . | . . Leg . | . . Wheel 7 | 2 5 Hover . | . . Flight . | . . Utility 5 | 2 3 Device 1 | 1 . Storage 3 | 1 2 Processor . | . . Hackware 1 | . 1 Protection . | . . Artifact . | . . Weapon 6 | 2 4 Energy Gun 1 | 1 . Energy Cannon . | . . Ballistic Gun 4 | 1 3 Ballistic Cannon . | . . Launcher . | . . Special Weapon . | . . Impact Weapon 1 | . 1 Slashing Weapon . | . . Piercing Weapon . | . . Special Melee Weapon . | . . Unidentified Prototypes . | . . Parts Lost 8 | . 8 Power 1 | . 1 Propulsion 4 | . 4 Utility 1 | . 1 Weapon 2 | . 2 Highest Loss Streak 4 | . 4 To Critical Strikes . | . . Average Backups 8 | 4 9 Power 1 | 1 2 Propulsion 1 | 1 1 Utility 2 | . 2 Weapon 2 | . 2 Tool/Special . | . . Unused Backups 9 | 1 8 Power 2 | . 2 Propulsion 1 | 1 . Utility 4 | . 4 Weapon 2 | . 2 Tool/Special . | . . Average Slot Usage (%) 95 | . 95 Engine 13 | . 13 Wheel 25 | . 25 Device 4 | . 4 Storage 14 | . 14 Hackware 7 | . 7 Energy Gun 7 | . 7 Ballistic Gun 19 | . 19 Peak Build Rating 10 | 8 10 Average Rating 8 | 6 8 On Entrance 4 | . 8 Avg Prop Armor Cover (%) . | . . Naked Turns . | . . Heaviest Build 47 | 13 47 Greatest Support 26 | 26 26 Greatest Overweight (x) 4 | . 4 Average Overweight (x) . | . . Largest Inventory Capacity 20 | 8 20 Average Capacity 10 | 7 12 Most Carried 11 | 8 11 Average Carried 8 | 4 9 Final Capacity 20 | 8 20 Final Carried 8 | 8 8 Class Distribution -------------------- 86% | Mutant 13% | Scavenger-Mutant Dominant Class ---------------- Mutant | -10/Materials Resources | -11 -10 ----------- Run | Yrd Mat Matter Collected 640 | 354 286 Remotely . | . . Salvage Created 856 | 238 618 Parts 61 | 20 41 Haulers Intercepted . | . . Recyclers Shooed 4 | . 4 Parts Field Recycled . | . . Retrieved Matter . | . . Parts Self-Destructed . | . . Prevented . | . . Parts Restored . | . . Kills | -11 -10 ------- Run | Yrd Mat Combat Hostiles Destroyed 14 | . 14 Guns 14 | . 14 Classes Destroyed 6 | 3 3 Worker 3 | 2 1 Tunneler 6 | 6 . Recycler 3 | 1 2 Operator 1 | . 1 Swarmer 5 | . 5 Grunt 9 | . 9 Best Kill Streak 4 | 4 4 Combat Bots Only 3 | . 3 Max Kills in Single Turn 1 | 1 1 Gunslinging . | . . Exploded . | . . Melee . | . . Uniques/NPCs Destroyed . | . . Combat | -11 -10 -------- Run | Yrd Mat Hostile Shots Fired 118 | . 118 Missed 27 | . 27 Hits 91 | . 91 Projectile 91 | . 91 Critical Strikes 2 | . 2 Damage Taken 998 | . 998 Core 255 | . 255 Absorbed by Shields . | . . Core Remaining (%) 100 | 100 . Volleys Fired 112 | 28 84 Largest 2 | 2 2 Hottest 70 | 70 70 Shots Fired 203 | 55 148 Gun 203 | 55 148 Cannon . | . . Launcher . | . . Special . | . . Kinetic 150 | 28 122 Thermal 53 | 27 26 Explosive . | . . Electromagnetic . | . . Robot Hit Streak 12 | 6 12 Robot Miss Streak 5 | 3 5 Penetration Max . | . . Secondary Targets 4 | . 4 Max Gunslinging Chain 1 | . 1 Shots Hit Robots 129 | 32 97 Core Hits 48 | 10 38 Critical Kills . | . . Critical Parts Destroyed 1 | . 1 Critical Strikes 4 | . 4 Burn 3 | . 3 Destroy 1 | . 1 Melee Attacks 1 | . 1 Impact 1 | . 1 Slashing . | . . Piercing . | . . Sneak Attacks . | . . Combat Hostiles . | . . Follow-up Attacks . | . . Damage Inflicted 1384 | 409 975 Guns 1384 | 409 975 Cannons . | . . Explosions . | . . Melee . | . . Ramming . | . . Kinetic 981 | 220 761 Thermal 403 | 189 214 Explosive . | . . Electromagnetic . | . . Impact . | . . Slashing . | . . Piercing . | . . Highest Corruption . | . . Average Corruption . | . . Corruption Purged . | . . Corruption Blocked . | . . Overload Shots . | . . Overflow Damage . | . . Projectiles . | . . Explosions . | . . Melee . | . . Knockbacks . | . . Impact . | . . Kinetic . | . . Secondary . | . . Self-Inflicted Damage . | . . Shots . | . . Rammed . | . . Targets Rammed . | . . Kicked . | . . Crushed . | . . Highest Temperature 240 | 54 240 Average Temperature 51 | 17 72 Received Heat Transfer 435 | . 435 Effects 1 | . 1 Interference 1 | . 1 Siege Activations . | . . Martial Activations . | . . Shielding Activations . | . . Robots Disrupted . | . . Combat Hostiles . | . . Robots Corrupted . | . . Combat Hostiles . | . . Parts Fried . | . . Impact Corruptions . | . . Robots Melted . | . . Combat Hostiles . | . . Parts Melted 3 | 1 2 Heat Transferred 1406 | 555 851 Parts Sabotaged . | . . Parts Stolen . | . . Parts Stripped . | . . Power Chain Reactions . | . . Alert | -11 -10 ------- Run | Yrd Mat Maximum Alert Level . | . . Low Security (%) 100 | 100 100 Level 1 . | . . Level 2 . | . . Level 3 . | . . Level 4 . | . . Level 5 . | . . High Security . | . . Max Security . | . . Peak Influence 184 | 10 184 Initial . | . . Average 72 | 1 98 Influence Increases 541 | 45 496 Destroy 0b10 Robot/C 280 | . 280 Destroy 0b10 Robot/NC 65 | 45 20 Destroy Leader 60 | . 60 Successful Hack 16 | . 16 Disable Machine 15 | . 15 Lose Combat Pursuer 105 | . 105 Influence Decreases 371 | 45 326 Time Decay 291 | 45 246 Lost Part 80 | . 80 Squads Dispatched 3 | . 3 Investigation 1 | . 1 Extermination . | . . Reinforcement 2 | . 2 Assault . | . . Garrison . | . . Intercept . | . . Searches Triggered . | . . Construction Impeded . | . . Haulers Reinforced . | . . Active Scanning Responses . | . . Cargo Convoy Interrupts . | . . Stealth | -11 -10 --------- Run | Yrd Mat Distress Signals 1 | . 1 Communications Jammed . | . . Distress Signals . | . . Times Spotted 24 | . 24 Peak Tracking Total 6 | . 6 Tactical Retreats 3 | . 3 Traps | -11 -10 ------- Run | Yrd Mat Traps Triggered 2 | . 2 Indirectly . | . . Trap Hack Attempts . | . . Triggered . | . . Disarmed . | . . Reprogrammed . | . . Reused . | . . Traps Extracted . | . . Installed . | . . Triggered . | . . Machines | -11 -10 ---------- Run | Yrd Mat Machines Disabled 1 | . 1 Max in Single Turn 1 | . 1 Machines Repaired . | . . Machines Dismantled . | . . Machines Sabotaged . | . . Overloaded Fab Kills . | . . Hacking | -11 -10 --------- Run | Yrd Mat Machines Accessed 4 | . 4 Terminals 4 | . 4 Fabricators . | . . Repair Stations . | . . Recycling Units . | . . Scanalyzers . | . . Garrison Access . | . . Total Hacks 8 | . 8 Successful 4 | . 4 Failed 4 | . 4 Catastrophic 1 | . 1 Database Lockouts . | . . Manual 8 | . 8 Terminals 8 | . 8 Fabricators . | . . Repair Stations . | . . Recycling Units . | . . Scanalyzers . | . . Garrison Access . | . . Terminal Hacks 1 | . 1 Robot Analysis 1 | . 1 Fabricator Hacks . | . . Repair Station Hacks . | . . Recycling Unit Hacks . | . . Scanalyzer . | . . Garrison Access Hacks . | . . Unauthorized Hacks 3 | . 3 Terminals 3 | . 3 Botnet 3 | . 3 Fabricators . | . . Repair Stations . | . . Recycling Units . | . . Scanalyzers . | . . Garrison Access . | . . Data Cores Recovered . | . . Used . | . . Hacking Detections 2 | . 2 Full Trace Events . | . . Feedback Events . | . . Feedback Blocked . | . . Robot Schematics Acquired . | . . Robots Built . | . . Authchips . | . . Time . | . . Total Robot Build Rating . | . . Part Schematics Acquired . | . . Parts Built . | . . Authchips . | . . Time . | . . Total Part Build Rating . | . . Part Studies Acquired . | . . Parts Repaired . | . . Time . | . . Parts Recycled . | . . Recycled Matter . | . . Retrieved Matter . | . . Retrieved Components . | . . Parts Scanalyzed . | . . Part Schematics Acquired . | . . Parts Damaged . | . . Bothacking | -11 -10 ------------ Run | Yrd Mat Used RIF Installer . | . . Robots Hacked . | . . Non-combat . | . . Combat . | . . Robot Hacks Applied . | . . Relay Couplers Released . | . . Fabnet Peak Effective % . | . . Robots Rewired . | . . Allies Hacked . | . . Hacks Repelled . | . . Allies | -11 -10 -------- Run | Yrd Mat Total Allies . | . . Largest Group . | . . Highest-Rated Group . | . . Highest-Rated Ally . | . . Total Orders . | . . Ally Attacks . | . . Total Damage . | . . Kills . | . . Allies Corrupted . | . . Allies Melted . | . . Intel | -11 -10 ------- Run | Yrd Mat Active Infowar (turns) 361 | 140 221 Seismic 361 | 140 221 Robot Analysis Total 1 | . 1 Derelict Logs Recovered . | . . Drone Launches . | . . Drone Recoveries . | . . Exploration | -11 -10 ------------- Run | Yrd Mat Turns Passed 922 | 241 681 Spaces Moved 587 | 153 434 Core 5 | 5 . Treads . | . . Legs . | . . Wheels 582 | 148 434 Hover . | . . Flight . | . . Fastest Speed 50 | 50 90 Average Speed 92 | 88 94 Slowest Speed 140 | 90 140 Overloaded Moves . | . . Propulsion Burnouts . | . . Robots Hopped . | . . Potential Cave-ins . | . . Cave-ins Triggered . | . . Exploration Rate (%) 32 | 4 61 Regions Visited 1 Branch Regions . Pre-discovered Areas . | . . Known Exits Taken . | . . Unknown Exits Taken 1 | 1 . Scrap Searched . | . . Spaces Dug . | . . Terrain Destroyed . | . . Melee . | . . Projectile . | . . AOE . | . . Terrain Rammed . | . . Walls Destroyed . | . . Machines Disabled . | . . Actions | -11 -10 --------- Run | Yrd Mat Total 779 | 200 579 Wait 25 | 2 23 Move 586 | 152 434 Hop . | . . Pick Up 19 | 10 9 Fast Attach 8 | 6 2 Attach 5 | 1 4 Detach . | . . Swap 10 | . 10 Drop 13 | 1 12 Fire 112 | 28 84 Melee 1 | . 1 Ram . | . . Kick . | . . Crush . | . . Escape Stasis . | . . Rewire . | . . Trap . | . . Miscellaneous . | . . Route ------- -11/Scrapyard -10/Materials (discovered 1 exit: [*Mat]) History --------- Turn | Location | Event 2 | -11/Scrapyard | Met Revision 17 12 | -11/Scrapyard | Discovered new exit (range 16) 242 | -11/Scrapyard | Entered Materials 306 | -10/Materials | Build established: Mutant 523 | -10/Materials | Core integrity fell below 50% 732 | -10/Materials | Discovered new exit (range 15) 877 | -10/Materials | Core integrity fell below 20% 923 | -10/Materials | Destroyed by G-34 Mercenary with Small Laser Last Messages --------------- 00837_ Acquired 20 matter. 00843_ R-06 Scavenger collects Flight Unit. 00843_ Dropped Lgt. Ion Engine. 00843_ Dropped Ion Engine. 00843_ K-01 Serf collects debris. 00845_ Acquired 11 matter. 00846_ R-06 Scavenger collects Ion Engine. 00847_ K-01 Serf sends out distress signal. 00865_ W-16 Scout destroyed. 00866_ G-34 Mercenary destroyed. 00868_ Wheel destroyed. 00871_ Lgt. Assault Rifle destroyed. 00874_ G-34 Mercenary destroyed. 00874_ Switching to secondary target: G-34 Mercenary. 00881_ Acquired 49 matter. 00888_ Acquired Signal Interpreter. 00900_ Lgt. Ion Engine destroyed. 00906_ Wheel destroyed. 00910_ U-05 Engineer destroyed. 00921_ G-34 Mercenary destroyed. Map ----- +----------------------------------------------------+ | | | | | | | | | | | | | | | | | | | | | | | | | | | | | | | | | ?????????????????????????????????????????????????? | | ?????????????????????????????????????????????????? | | ?????????????????????????????????????????????????? | | ??????????????????????????#####??????????????????? | | ?????????????????????????? #??????????????????? | | ?????????????????????????? #??????????????????? | | ?????????????????????????? #??????????????????? | | ????????????????########### #??????????????????? | | ????????????????# # #??????????????????? | | ????????????????# = @# #??????????????????? | | ????????????????# *%|=g% #??????????????????? | | ????????????????# """ #[! #??????????????????? | | ????????????????# === """ #%= #??????????????????? | | ????????????????# === """ #=[ #??????????????????? | | ????????????????# == #* #??????????????????? | | ????????????????# # #??????????????????? | | ????????????????########### #??????????????????? | | ??????????????????????????# #??????????????????? | | ??????????????????????????# = #################### | | ??????????????????????????#=% [[ | | ??????????????????????????# ^ | | ??????????????????? ############^ """ | | ??????????????? ^ #??????????# """ | | ???????????????? ^ #??????????# ^""" | | ???????????????? ^ #??????????# ^ | | ????????????????? #??????????# | | ???????????????? ##### #??????????# """ | | ????????????????? ????# #??????????# """ | | ????????????????? ?????# #######+#### """ | | ?????????????????? ??????# | | ??????????????????????????# | | ??????????????????????????# | | ??????????????????????????# ##+## | | ??????????????????????????# ?# #### # ! | +----------------------------------------------------+ Best States ------------- Heat Dissipation 25 Energy Generation 10 Energy Capacity 250 Matter Stores 300 Matter Capacity 300 Sight Range 16 Terrain Scan Density 10 Evasion (%) 44 Offensive Hacking 10 Item Schematics ----------------- None Robot Schematics ------------------ None Fabricated ------------ Nothing Repaired ---------- Nothing Studied --------- None Alien Tech Used ----------------- None Achievements -------------- None Challenges ------------ None Game ------ Seed MediumLatentHammer Manual? 0 Play Time 00:11:02 Cumulative 75.8 hours Start 2026.02.16 @ 14:17:02 End 2026.02.16 @ 14:23:57 Sessions 1 Manual Loads 0 Difficulty Rogue Special Mode None Game No. 158 Rogue 158 Adventurer 0 Explorer 0 Win Type - Total 1 Types 1/0/0/0/0/0/0/0/0/0 Lore% 49 Gallery% 37 Achievement% 36 Wizard Run 0 Options --------- Layout 0 ASCII 0 Keyboard 1 Movement Arrows Keybinds 0 Fullscreen 1 Font 18/Smallcaps Map View 38x25 Zoom Use 63% Tactical HUD 1 Map Filters NONE Filters NONE Steam 1 RUN: bd684e58-e2ab-48eb-ae77-dedaf752b636